 Dungeon Crawl Stone Soup version 0.29.1-15-g9cfb28693d (webtiles) character file.

Game seed: 11411032745834632971

34 Artool the Trooper (level 3, 29/29 HPs)
             Began as a Demonspawn Fighter on Apr 11, 2023.
             Quit the game on level 1 of the Dungeon.
             The game lasted 00:01:10 (1111 turns).

Artool the Trooper (Demonspawn Fighter)             Turns: 1111, Time: 00:01:11

Health: 29/29      AC:  6    Str: 18    XL:     3   Next: 14%
Magic:  3/3        EV:  9    Int:  9    God:
Gold:   53         SH:  4    Dex: 12    Spells: 2/2 levels left

rFire   . . .      SeeInvis .   a - +0 flail
rCold   . . .      Faith    .   c - +0 buckler
rNeg    . . .      Spirit   .   b - +0 scale mail
rPois   .          Reflect  .   (helmet restricted)
rElec   .          Harm     .   (no cloak)
rCorr   .          Rampage  .   (no gloves)
Will    .....                   (no boots)
Stlth   ..........              (no amulet)
HPRegen 0.09/turn               (no ring)
MPRegen 0.08/turn               (no ring)

@: very slow
A: antennae 1, powered by death 1
a: no special abilities


You were on level 1 of the Dungeon.
You visited 1 branch of the dungeon, and saw 1 of its levels.

You collected 53 gold pieces.

Inventory:

Hand Weapons
 a - a +0 flail (weapon)
Armour
 b - a +0 scale mail (worn)
 c - a +0 buckler (worn)
 f - a +0 helmet
Magical Staves
 g - a staff of earth
Jewellery
 h - a ring of protection from cold
Scrolls
 e - a scroll of teleportation {unknown}
 j - a scroll of immolation {unknown}
 k - a scroll of blinking {unknown}
Potions
 d - a potion of might
 i - a potion of magic {unknown}


   Skills:
 + Level 3.4 Fighting
 + Level 2.3 Maces & Flails
 + Level 3.1 Armour
 - Level 2.6 Shields


You had 2 spell levels left.
You didn't know any spells.
Your spell library was empty.

Dungeon Overview and Level Annotations

Branches:
Dungeon (1/15)

Altars:


Innate Abilities, Weirdness & Mutations

You have a pair of small antennae on your head.
You regenerate a little health from kills.


Message History

There is a stone staircase leading down here.
A rat comes into view.
There is an open door here.
You enter the shallow water.
Moving in this stuff is going to be slow.
Found two escape hatches in the floor.
The rat twitches its whiskers.
A rat is nearby!
You block the rat's attack.
Your unstable footing causes you to fumble your attack.
You block the rat's attack.
You barely miss the rat. The rat bites you but does no damage.
You thump the rat!
You kill the rat!
There is an open door here.
An endoplasm comes into view.
The endoplasm quivers.
You see here a +0 hand axe.
An endoplasm is nearby!
You enter the shallow water.
Moving in this stuff is going to be slow.
An endoplasm is nearby!
An endoplasm is nearby!
Your unstable footing causes you to fumble your attack.
The endoplasm closely misses you. The endoplasm freezes you.
You are frozen.
An endoplasm is nearby!
You barely miss the endoplasm. The endoplasm hits you.
An endoplasm is nearby!
You sock the endoplasm!
You kill the endoplasm!
Partly explored, can't reach some places.
No target in view!
Partly explored, can't reach some places.
No target in view!
Partly explored, can't reach some places.
No target in view!
Partly explored, can't reach some places.
Are you sure you want to abandon this character and quit the game? (Confirm with "yes".)

# ##♣♣P~~~~≈≈~~PP~#.# #
##~~~~~~≈~≈≈≈P~~~~.#
####P~~~~~~≈≈≈≈~≈~~P~.#
##..~~~P~~P~~~~~~~~...#
#..........)..........#
#...♣~≈≈~~~~~≈~~~~~.♣##
#..♣~~~~≈≈≈~~~~~~~~.~♣##
...♣~~P≈≈P~~♣♣♣~~P~.~♣~#
...♣~PP~≈≈♣♣♣ ♣♣@~~.PP♣
...♣~~~~≈~♣♣♣♣♣♣~~~.~~♣♣#
...♣~P~P~~♣P..)♣~≈~.~≈♣~#
....~P~♣~~♣#..#~~P~.~~~##
.....~~♣......##~~≈.~♣♣#
......P######.##♣~~.~♣
######## #)##♣~P.P♣
#.#♣~~~.~♣♣# #.#♣P~~.~~~♣


There were no monsters in sight!

Vanquished Creatures
  A dart slug (D:1)
  6 ball pythons (D:1)
  3 bats (D:1)
  4 endoplasms (D:1)
  4 goblins (D:1)
  2 hobgoblins (D:1)
  3 frilled lizards (D:1)
  2 kobolds (D:1)
  3 rats (D:1)
28 creatures vanquished.

Vanquished Creatures (others)
  6 plants (D:1)
6 creatures vanquished.

Grand Total: 34 creatures vanquished

Notes
Turn   | Place    | Note
-------+----------+-------------------------------------------
     0 | D:1      | Artool the Demonspawn Fighter began the quest for the Orb.
     0 | D:1      | Reached XP level 1. HP: 18/18 MP: 1/1
   355 | D:1      | Gained mutation: You regenerate a little health from kills.
                  | [demonic ancestry]
   355 | D:1      | Reached XP level 2. HP: 23/24 MP: 2/2
   687 | D:1      | Gained mutation: You have a pair of small antennae on your
                  | head. [demonic ancestry]
   687 | D:1      | Reached XP level 3. HP: 24/29 MP: 3/3
  1111 | D:1      | Quit the game

Illustrated notes

Levels and vault maps discovered:
D:1:      evilmike_arrival_crescent, layout_loops_ring, corner_web_ring,
          moated_statue, serial_bayou_lagoon_b

Skill      XL: |  1  2 |
---------------+-------+-----
Maces & Flails | 2 |  2.3
Armour         | 3 |  3.1
Fighting       | |  3.4
Shields        | |  2.6

Action                   || total
-------------------------++-------
Melee: Flail             ||    69
Armor: Scale mail        ||    33
Dodge: Dodged            ||    28
Block: Buckler           ||    14
